 Dungeon Crawl Stone Soup version 0.21-a0-201-g8501b10 (webtiles) character file.

196875 MackTheKnife the Eclecticist (level 18, -2/110 HPs)
             Began as a Deep Elf Fire Elementalist on Aug 16, 2017.
             Was an Elder of Kikubaaqudgha.
             Slain by a guardian serpent (14 damage)
             ... on level 4 of the Snake Pit on Aug 17, 2017.
             The game lasted 02:32:00 (54776 turns).

MackTheKnife the Eclecticist (DEFE)                Turns: 54776, Time: 02:32:00

Health: -2/110     AC:  9    Str:  3    XL:     18   Next: 17%
Magic:  11/40      EV: 21    Int: 27    God:    Kikubaaqudgha [****..]
Gold:   725        SH: 15    Dex: 18    Spells: 10/50 levels left

rFire    + + +     SeeInvis .   b - +7 mace of the Evil Eye {speed, MR+ Stlth+}
rCold    + + .     Gourm    .   y - +3 buckler {reflect}
rNeg     + . .     Faith    .   F - +2 robe {rC+ rF+}
rPois    +         Spirit   .   z - +2 hat {MR+}
rElec    +         Reflect  +   G - +0 cloak
rCorr    +         Harm     .   K - +0 pair of fencer's gloves {+Riposte Dex+3}
MR       +++..                  D - +0 pair of boots of the Queen {rC+ rCorr}
Stlth    ++++......             q - +6 amulet of reflection
HPRegen  1.28/turn              V - ring of wizardry {Wiz+, !d}
MPRegen  0.27/turn              E - ring of Recklessness {rElec rPois rF++ rN+ Str-4}

@: lethally poisoned (-2 -> -3), about to teleport, regenerating, hasted, very
quick
A: no striking features
a: Receive Corpses, Renounce Religion


You were on level 4 of the Snake Pit.
You worshipped Kikubaaqudgha.
Kikubaaqudgha was greatly pleased with you.
You were not hungry.

You visited 7 branches of the dungeon, and saw 33 of its levels.
You also visited: Sewer and Ice Cave.

You collected 3100 gold pieces.
You spent 2375 gold pieces at shops.

Inventory:

Hand Weapons
 a - a +6 whip of electrocution
   (You found it in a sewer)
 b - the +7 mace of the Evil Eye (weapon) {speed, MR+ Stlth+}
   (You found it on level 4 of the Shoals)

   Attacks with this weapon are significantly faster.
   It affects your resistance to hostile enchantments.
   It makes you more stealthy.
Armour
 y - a +3 buckler of reflection (worn)
   (You took it off a tengu warrior on level 15 of the Dungeon)
 z - a +2 hat of magic resistance (worn)
   (You took it off Gastronok on level 9 of the Dungeon)
 D - the +0 pair of boots of the Queen (worn) {rC+ rCorr}
   (You acquired it on level 7 of the Dungeon)

   It protects you from cold.
   It protects you from acid and corrosion.
 F - a +2 robe of resistance (worn)
   (You took it off an orc sorcerer on level 1 of the Orcish Mines)
 G - a +0 cloak (worn)
   (You took it off Crazy Yiuf on level 5 of the Dungeon)
 K - the +0 pair of fencer's gloves (worn) {+Riposte Dex+3}
   (You found it in an ice cave)

   It affects your dexterity (+3).
 R - a +2 helmet of see invisible
   (You found it on level 12 of the Dungeon)
Magical Staves
 I - an uncursed staff of death {rN+}
   (You found it on level 12 of the Dungeon)
Jewellery
 q - a +6 amulet of reflection (around neck)
   (You found it on level 5 of the Dungeon)
 E - the ring of Recklessness (right hand) {rElec rPois rF++ rN+ Str-4}
   (You found it on level 6 of the Lair of Beasts)

   [ring of poison resistance]

   It affects your strength (-4).
   It greatly protects you from fire.
   It insulates you from electricity.
   It protects you from poison.
   It protects you from negative energy.
 N - a +5 ring of slaying
   (You found it on level 10 of the Dungeon)
 V - a ring of wizardry (left hand) {Wiz+, !d}
   (You found it on level 3 of the Lair of Beasts)
 W - an uncursed ring of protection from magic {MR+, !d}
   (You found it on level 12 of the Dungeon)
Wands
 L - a wand of scattershot (3/9)
   (You found it on level 10 of the Dungeon)
 O - a wand of iceblast (10/15)
   (You took it off a kobold on level 12 of the Dungeon)
 Y - a wand of acid (4/15)
   (You took it off a kobold on level 12 of the Dungeon)
Scrolls
 g - 3 scrolls of identify
 j - 8 scrolls of teleportation
 n - a scroll of enchant weapon
 o - 5 scrolls of recharging
 r - 11 scrolls of remove curse
 u - a scroll of amnesia
 A - a scroll of holy word {!r}
 P - 3 scrolls of magic mapping {!r}
 S - 2 scrolls of silence
 T - 3 scrolls of fog
 Z - a scroll of summoning
Potions
 c - a potion of ambrosia
 e - a potion of invisibility
 f - a potion of magic
 h - 3 potions of heal wounds
 k - 13 potions of curing
 s - 5 potions of flight
 w - 3 potions of brilliance
 x - 5 potions of cancellation
 B - 3 potions of agility
 C - 5 potions of might
 M - a potion of mutation {!q}
 U - a potion of resistance
Books
 H - a book of Debilitation
   (You found it on level 4 of the Snake Pit)
Miscellaneous
 d - a lamp of fire
   (You found it on level 12 of the Dungeon)
 t - a phial of floods
   (You found it on level 9 of the Dungeon)
 J - a fan of gales
   (You found it on level 12 of the Dungeon)
 Q - 2 boxes of beasts
Comestibles
 i - 45 fruits
 l - 18 royal jellies
 p - 13 meat rations {@e2}


   Skills:
 - Level 11.0 Fighting
 - Level 6.2 Maces & Flails
 - Level 4.0 Armour
 - Level 11.5 Dodging
 - Level 4.2 Stealth
 - Level 6.0 Shields
 + Level 16.7 Spellcasting
 - Level 13.6 Conjurations
 - Level 16.2 Necromancy
 - Level 14.1 Fire Magic
 - Level 8.0 Ice Magic


You had 10 spell levels left.
You knew the following spells:

 Your Spells              Type           Power        Failure   Level  Hunger
a - Bolt of Draining      Conj/Necr      #######...   1%          5    None
b - Simulacrum            Ice/Necr       ######....   1%          6    ###....
c - Conjure Flame         Conj/Fire      #######.     0%          3    None
d - Infestation           Necr           #######...   7%          8    ######.
e - Blink                 Tloc           N/A          1%          2    None
f - Fireball              Conj/Fire      #######...   1%          5    None
r - Regeneration          Chrm/Necr      ######....   1%          3    None
s - Sticky Flame          Conj/Fire      #######.     1%          4    None
A - Animate Dead          Necr           N/A          1%          4    None


Dungeon Overview and Level Annotations

Branches:
Dungeon (15/15) Temple (1/1) D:6 Lair (6/6) D:9 Shoals (4/4) Lair:3 Snake (4/4) Lair:3 Slime (0/5) Lair:6 Orc (2/2) D:11 Elf (1/3) Orc:2 Vaults (0/5) D:12 D:13 Depths (0/5) D:15

Altars:
Ashenzari
Cheibriados
Dithmenos
Elyvilon
Fedhas
Gozag
Hepliaklqana
Kikubaaqudgha
Makhleb
Nemelex Xobeh
Okawaru
Qazlal
Ru
Sif Muna
Trog
Uskayaw
Vehumet
Wu Jian
Xom
Yredelemnul
Zin
The Shining One
Jiyva

Shops:
D:4 *   D:7 ?   D:8 ?   D:10 [   D:11 %   Orc:1 (   Orc:2 !:%(

Portals:
Pandemonium: Orc:2

Annotations:
D:5 Sigmund
D:11 exclusion: manticore
Lair:4 exclusion: oklob plant
Shoals:4 Ilsuiw
Snake:2 Vashnia


Message History

The naga ritualist's toxic aura wanes.
You take 1 damage, and have 42/110 hp.
The guardian serpent gestures with its tail.
The naga warrior blinks!
The black mamba blinks!
The black mamba bites you!
* * * LOW HITPOINT WARNING * * *
You take 11 damage, and have 31/110 hp.
Unknown command.
Unknown command.
You feel sick. You block the black mamba's attack.
The naga ritualist mumbles some strange words.
The naga ritualist begins to radiate toxic energy.
Unknown command.
As you read the scroll of teleportation, it crumbles to dust.
You feel strangely unstable.
* * * LOW HITPOINT WARNING * * *
You block the black mamba's attack.
Unknown command.
You feel sick.
Unknown command.
* * * LOW HITPOINT WARNING * * *
The black mamba completely misses you.
Unknown command.
You feel sick.
The guardian serpent coils itself and waves its upper body at you.
You resist with almost no effort. The naga warrior spits poison at you.
Your +3 buckler of reflection reflects the splash of poison!
The splash of poison hits the naga warrior.
The naga warrior is poisoned.
Unknown command.
Unknown command.
Your surroundings suddenly seem different.
A naga sharpshooter comes into view. It is wielding a battleaxe.
The naga sharpshooter shouts!
A naga ritualist comes into view. It is wielding a dagger of venom.
The naga ritualist shouts!
A nagaraja comes into view. It is wielding a whip.
The nagaraja shouts!
A guardian serpent comes into view.
The guardian serpent shouts!
A naga comes into view. It is wielding a battleaxe.
The naga shouts!
A naga comes into view. It is wielding a hand axe of chopping.
The naga shouts!
An anaconda comes into view.
The anaconda hisses angrily.
A mana viper comes into view.
The mana viper hisses angrily.
A mana viper comes into view.
The mana viper hisses angrily.
An anaconda comes into view.
The anaconda hisses angrily.
A guardian serpent comes into view.
The guardian serpent shouts!
A guardian serpent comes into view.
The guardian serpent shouts!
A naga comes into view. It is wielding an enchanted halberd.
The naga shouts!
The mana viper closely misses you.
The guardian serpent casts a spell.
The anaconda blinks!
The naga warrior blinks!
An anaconda comes into view.
The anaconda hisses angrily.
A nagaraja comes into view. It is wielding a spear.
The nagaraja shouts!
A naga comes into view. It is wielding a dire flail.
The naga shouts!
A naga comes into view. It is wielding a short sword.
The naga shouts!
An anaconda comes into view.
The anaconda hisses angrily.
An anaconda comes into view.
The anaconda hisses angrily.
A naga warrior comes into view. It is wielding a flail.
The naga warrior shouts!
A naga mage comes into view.
The naga mage shouts!
You hear a shout!
An anaconda comes into view.
The anaconda hisses angrily.
You hear a shout! x2; You hear an angry hiss.
A black mamba, 2 anacondas and 7 nagas come into view.
A naga ritualist is wielding a scimitar of venom.
There is a fountain of clear blue water here.
Unknown command.
As you read the scroll of teleportation, it crumbles to dust.
You feel strangely unstable.
The naga shouts!
The mana viper misses you.
You riposte.
You closely miss the mana viper. The mana viper completely misses you.
The naga sharpshooter unwields an uncursed battleaxe.
The naga sharpshooter wields an uncursed longbow.
The naga sharpshooter casts a spell.
The naga sharpshooter magically shoots an arrow.
The arrow hits you!!
* * * LOW HITPOINT WARNING * * *
The naga warrior spits poison at you.
Your +3 buckler of reflection reflects the splash of poison!
The splash of poison hits the naga warrior.
The naga warrior appears unharmed.
The guardian serpent hits you!
You die...
Kikubaaqudgha rasps: "You have failed me!
Welcome... death!"

(##.##..##....#..#+...#...##
..#..######)'##<..#####...##
(.#...........=............##
)##.........................#
##[.........................#
....####........#############
...## ##.....###N...... ...#
##..###NNN.....S ####
####N.S@SS.S.NS .##
#...NSS..⌠... ..#
#....N....... ..#
#N..S8.8.8N8.8 ..# ###
..S........N..N ..# #.#
..N.⌠...§..N... ..# #.#


.NSNNS..N§N..N. ..# #.##.#SS.N8.8.8.8.8 ..# #..#### You could see 2 naga
warriors, 2 nagarajas, 3 naga sharpshooters, 8 anacondas, 2 naga ritualists, 2
mana vipers, 3 guardian serpents, a black mamba (wandering), 3 naga magi and 9
nagas.

Vanquished Creatures
  An Ice Fiend (IceCv)
  A nagaraja (Snake:2)
  A fire giant (D:15)
  Nessos (Lair:5)
  Snorg (Orc:1)
  A dire elephant (Lair:3)
  A merfolk javelineer (Shoals:3)
  Fannar (Orc:1)
  3 merfolk impalers
  10 hydras
  5 naga warriors
  3 merfolk avatars
  An ice dragon (Lair:5)
  11 two-headed ogres
  4 centaur warriors
  2 satyrs
  9 anacondas
  An ogre mage (D:15)
  9 death yaks
  3 tengu warriors (D:15)
  5 orc high priests (Orc:2)
  3 naga sharpshooters
  Urug (Orc:1)
  A soul eater (Orc:2)
  Sonja (Lair:3)
  A deep elf knight (D:12)
  8 skeletal warriors
  4 unseen horrors
  2 torturous demonspawn (Orc:2)
  3 sea snakes
  3 ugly things
  A wizard (D:14)
  12 harpies
  2 cyclopes
  A wolf spider (D:12)
  10 manticores
  5 orc knights
  9 deep elf magi
  5 mana vipers
  9 orc sorcerers
  11 fauns
  A salamander (Snake:4)
  26 elephants
  An ice statue (IceCv)
  2 merfolk sirens
  3 guardian serpents
  5 naga magi
  3 water nymphs
  22 black mambas
  A gargoyle (D:15)
  8 spiny frogs
  3 rime drakes
  5 komodo dragons
  7 ice devils (IceCv)
  5 anaconda simulacra (IceCv)
  An efreet (D:14)
  4 freezing wraiths (IceCv)
  A kobold demonologist (D:10)
  3 golden dragon simulacra (IceCv)
  A tengu conjurer (D:15)
  6 merfolk
  9 trolls
  A wind drake (Shoals:2)
  6 polar bears
  9 hippogriffs
  6 hornets
  37 blink frogs
  2 dream sheep (Lair:6)
  3 slime creatures (D:15)
  5 snapping turtles
  2 shadows
  5 water elementals
  4 wyverns
  2 vampires (D:11)
  4 wraiths
  9 spriggans
  2 dire elephant simulacra (IceCv)
  63 yaks
  14 humans
  5 basilisks
  3 hungry ghosts
  A redback simulacrum (D:14)
  A death yak simulacrum (IceCv)
  2 vampire mosquitoes (D:13)
  5 iron troll simulacra (IceCv)
  13 nagas
  2 harpy simulacra (IceCv)
  2 soldier ants
  5 wargs
  An acid dragon (D:15)
  A hydra simulacrum (IceCv)
  21 water moccasins
  13 porcupines
  2 ice beasts
  7 sky beasts
  3 black bears
  An eye of draining (D:12)
  2 necrophages
  38 orc warriors
  4 phantoms
  30 wolves
  3 boggarts (Lair:6)
  An ettin simulacrum (IceCv)
  16 ogres
  6 crocodiles
  4 centaurs
  3 big kobolds
  20 bullfrogs
  A wyvern zombie (D:10)
  3 scorpions
  A water moccasin skeleton (D:5)
  18 killer bees
  2 howler monkeys
  3 wights
  4 electric eels
  4 crimson imps
  4 centaur zombies
  6 jellies
  4 bullfrog zombies
  5 draconian simulacra (IceCv)
  21 orc priests
  Crazy Yiuf (D:5)
  2 bullfrog skeletons (D:12)
  2 centaur skeletons (D:5)
  9 hounds
  4 iguanas
  A troll simulacrum (IceCv)
  20 orc wizards
  14 worker ants
  A spriggan simulacrum (IceCv)
  A centaur simulacrum (IceCv)
  A hound zombie (D:11)
  3 hound skeletons
  2 worker ant zombies
  15 adders
  8 gnolls
  4 naga simulacra (IceCv)
  2 ogre simulacra (IceCv)
  9 river rats
  6 shadow imps
  9 white imps
  6 ufetubi (IceCv)
  2 oozes
  An adder skeleton (D:8)
  7 worms
  2 dart slugs (D:3)
  7 leopard geckos
  73 orcs
  5 ball pythons
  7 giant cockroaches
  7 goblins
  9 hobgoblins
  44 kobolds
  7 quokkas
  7 bats
  4 frilled lizards
  A jackal skeleton (D:4)
  A quokka skeleton (D:4)
  25 rats
  2 butterflies (Lair:2)
  A fungus (Lair:6)
  5 plants
1085 creatures vanquished.

Vanquished Creatures (collateral kills)
  Rupert (Lair:3)
  Polyphemus (Shoals:3)
  Gastronok (D:9)
  A nagaraja (Snake:4)
  An orc warlord (Orc:2)
  Aizul (Snake:1)
  The ghost of melvinkitnick the Executioner, a journeyman DDFi of Makhleb (D:15)
  3 merfolk impalers
  A merfolk javelineer (Shoals:2)
  A hydra (D:14)
  2 naga warriors
  A merfolk avatar (Shoals:1)
  A catoblepas (Shoals:3)
  6 anacondas
  A satyr (Shoals:3)
  2 merfolk aquamancers
  A dancing weapon (Elf:1)
  A two-headed ogre (D:13)
  2 death yaks (Shoals:3)
  5 naga sharpshooters
  An orc high priest (Orc:2)
  3 shock serpents (Snake:1)
  5 naga ritualists
  An infernal demonspawn (Orc:2)
  5 harpies
  A deep elf mage (Elf:1)
  4 mana vipers
  4 manticores (Shoals:1)
  A salamander (Snake:2)
  6 fauns
  An oklob plant (Snake:1)
  6 ugly things
  A centaur zombie (D:12)
  6 merfolk sirens
  2 naga magi (Snake:4)
  12 black mambas
  2 elephants (Lair:4)
  A rust devil (Orc:2)
  A gargoyle (D:12)
  A centaur skeleton (D:15)
  A tengu conjurer (D:15)
  8 merfolk
  A troll (D:12)
  A hornet (Lair:6)
  A wind drake (Shoals:2)
  A blink frog (Lair:6)
  5 slime creatures
  3 snapping turtles
  5 spriggans (Lair:6)
  A shadow (D:12)
  A wraith (D:15)
  3 water elementals
  10 yaks
  A spriggan (shapeshifter) (D:13)
  A wyvern (D:12)
  A human (D:13)
  A vampire mosquito (D:13)
  13 nagas
  2 water moccasins
  An ice beast (D:13)
  A black bear (Lair:6)
  An orc warrior (D:13)
  7 wolves (Lair:6)
  2 centaurs
  A bullfrog (D:15)
  A wight (D:15)
  A crimson imp (D:15)
  An orc wizard (D:13)
  A shadow imp (D:12)
  6 orcs
  A quokka (D:12)
  A fungus (Lair:3)
  7 plants
190 creatures vanquished.

Vanquished Creatures (others)
  A merfolk javelineer (Shoals:4)
  A naga sharpshooter (Snake:1)
  A sea snake (Shoals:4)
  2 cyclopes
  A centaur (D:6)
  2 orcs
  95 fungi
  41 plants
  12 tentacles (Shoals:4)
156 creatures vanquished.

Grand Total: 1431 creatures vanquished

Notes
Turn   | Place    | Note
-------+----------+-------------------------------------------
     0 | D:1      | MackTheKnife the Deep Elf Fire Elementalist began the quest for the Orb.
     0 | D:1      | Reached XP level 1. HP: 10/10 MP: 6/6
   134 | D:1      | Reached XP level 2. HP: 15/15 MP: 4/8
   138 | D:1      | Learned a level 2 spell: Throw Flame
   963 | D:2      | Reached skill level 4 in Spellcasting
   963 | D:2      | Reached XP level 3. HP: 18/19 MP: 1/10
  1145 | D:2      | Found a snail-covered altar of Cheibriados.
  1312 | D:2      | Reached skill level 4 in Fire Magic
  1332 | D:2      | Reached skill level 2 in Conjurations
  1385 | D:2      | Reached XP level 4. HP: 20/24 MP: 3/12
  1467 | D:2      | HP: 6/24 [gnoll/whip (7)]
  2182 | D:3      | Learned a level 3 spell: Conjure Flame
  2289 | D:3      | Reached skill level 3 in Conjurations
  2289 | D:3      | Reached XP level 5. HP: 28/28 MP: 7/14
  2521 | D:3      | Found a glowing silver altar of Zin.
  2522 | D:3      | Found an opulent altar of Gozag.
  2633 | D:4      | Reached skill level 5 in Spellcasting
  2639 | D:4      | Learned a level 4 spell: Sticky Flame
  2719 | D:4      | Found Veemo's Assorted Antiques.
  2744 | D:4      | Bought a dark potion for 27 gold pieces
  2744 | D:4      | Bought a dark potion for 27 gold pieces
  2744 | D:4      | Bought a viscous pink potion for 27 gold pieces
  2744 | D:4      | Bought a purple potion for 27 gold pieces
  2744 | D:4      | Bought an inky potion for 27 gold pieces
  2744 | D:4      | Bought a dark potion for 27 gold pieces
  2924 | D:4      | Reached skill level 5 in Fire Magic
  3035 | D:4      | Reached XP level 6. HP: 32/32 MP: 11/16
  3042 | D:4      | Found a glowing drain.
  3046 | Sewer    | Entered a sewer
  3091 | Sewer    | Learned a level 5 spell: Fireball
  3391 | Sewer    | Reached skill level 4 in Conjurations
  3408 | Sewer    | Reached skill level 6 in Spellcasting
  3733 | D:4      | Reached skill level 1 in Armour
  4082 | D:5      | Entered Level 5 of the Dungeon
  4094 | D:5      | Reached skill level 2 in Armour
  4170 | D:5      | Reached XP level 7. HP: 36/36 MP: 16/18
  4252 | D:5      | Reached skill level 3 in Armour
  4394 | D:5      | Found a glowing golden altar of the Shining One.
  4399 | D:5      | Got a smoking lajatang
  4423 | D:5      | Identified the +10 lajatang of Ifoant {antimagic, +Rage rPois rC-} (You found it on level 5 of the Dungeon)
  4435 | D:5      | Found a blossoming altar of Fedhas.
  4577 | D:5      | Noticed Sigmund
  4716 | D:5      | Found a runed door.
  4720 | D:5      | Noticed Crazy Yiuf
  4724 | D:5      | Killed Crazy Yiuf
  4724 | D:5      | Reached skill level 4 in Armour
  4789 | D:5      | Got a smoking mace
  4790 | D:5      | Identified the +1 mace "Zycleat" {flame, Fragile +Blink +Rage Str+6} (You found it on level 5 of the Dungeon)
  4821 | D:5      | Reached skill level 1 in Fighting
  5291 | D:5      | Reached skill level 6 in Fire Magic
  5424 | D:5      | Reached XP level 8. HP: 35/43 MP: 13/19
  5532 | D:6      | Reached skill level 5 in Conjurations
  5696 | D:6      | Reached skill level 7 in Fire Magic
  5834 | D:6      | Reached skill level 6 in Conjurations
  5933 | D:6      | Found a staircase to the Ecumenical Temple.
  5947 | Temple   | Entered the Ecumenical Temple
  6114 | Temple   | Became a worshipper of Kikubaaqudgha
  6446 | D:7      | Reached skill level 7 in Conjurations
  6446 | D:7      | Reached skill level 8 in Fire Magic
  6566 | D:7      | Reached XP level 9. HP: 15/47 MP: 0/20
  7129 | D:7      | Reached * piety under Kikubaaqudgha
  7129 | D:7      | Identified Kikubaaqudgha's Disquisition on Sinister Arts (Kikubaaqudgha gifted it to you on level 7 of the Dungeon)
  7129 | D:7      | Received a gift from Kikubaaqudgha
  7151 | D:7      | Noticed a troll
  7167 | D:7      | Killed a troll
  7167 | D:7      | Reached skill level 8 in Conjurations
  7169 | D:7      | Reached skill level 9 in Fire Magic
  7283 | D:7      | Found Seaxuxy's Magic Scroll Emporium.
  7300 | D:7      | Bought a scroll of blinking for 82 gold pieces
  7300 | D:7      | Bought 2 scrolls of enchant armour for 165 gold pieces
  7438 | D:7      | Found a sacrificial altar of Ru.
  7627 | D:8      | Noticed a two-headed ogre
  7638 | D:8      | Killed a two-headed ogre
  7638 | D:8      | Reached skill level 7 in Spellcasting
  7850 | D:8      | Reached skill level 2 in Fighting
  7859 | D:8      | Found Cebam's Magic Scroll Shop.
  7900 | D:8      | Found a shattered altar of Ashenzari.
  7995 | D:8      | Found a sacrificial altar of Ru.
  7996 | D:8      | Found a shimmering altar of Xom.
  7997 | D:8      | Found a shadowy altar of Dithmenos.
  8072 | D:8      | Reached skill level 3 in Fighting
  8083 | D:8      | Found an ornate altar of the Wu Jian Council.
  8197 | D:8      | Found a basalt altar of Yredelemnul.
  8289 | D:8      | Reached XP level 10. HP: 56/56 MP: 19/23
  8514 | D:9      | Noticed Gastronok
  8564 | D:9      | Noticed a purple ugly thing
  8588 | D:9      | Killed a purple ugly thing
  8588 | D:9      | Reached skill level 4 in Fighting
  8797 | D:9      | Noticed a two-headed ogre
  8940 | D:8      | Reached skill level 5 in Fighting
  9233 | D:9      | Reached skill level 6 in Fighting
  9287 | D:9      | Reached skill level 1 in Shields
  9318 | D:9      | Noticed a two-headed ogre
  9332 | D:9      | Killed a two-headed ogre
  9332 | D:9      | Reached skill level 3 in Shields
  9489 | D:9      | Found a staircase to the Lair.
  9687 | D:9      | Killed a two-headed ogre
  9687 | D:9      | Reached skill level 4 in Shields
  9693 | D:9      | HP: 10/60 [Gastronok/the air (28)]
  9699 | D:9      | Killed Gastronok
  9699 | D:9      | Reached skill level 6 in Shields
  9699 | D:9      | Reached XP level 11. HP: 35/64 MP: 9/24
  9786 | D:10     | Entered Level 10 of the Dungeon
  9898 | D:10     | Noticed an unseen horror
  9901 | D:10     | Killed an unseen horror
  9901 | D:10     | Reached skill level 2 in Maces & Flails
  9944 | D:10     | Reached ** piety under Kikubaaqudgha
 10167 | D:10     | Reached skill level 3 in Maces & Flails
 10245 | D:10     | Reached skill level 4 in Maces & Flails
 10719 | D:10     | Reached skill level 5 in Maces & Flails
 10896 | D:10     | Found Ufesesch's Armour Boutique.
 10990 | D:10     | Reached *** piety under Kikubaaqudgha
 10990 | D:10     | Identified Kikubaaqudgha's Handbook of Stolen Souls (Kikubaaqudgha gifted it to you on level 10 of the Dungeon)
 10990 | D:10     | Received a gift from Kikubaaqudgha
 11507 | D:11     | Noticed a brown ugly thing
 11508 | D:11     | Reached skill level 6 in Maces & Flails
 11520 | D:11     | Killed a brown ugly thing
 11616 | D:11     | Reached skill level 8 in Spellcasting
 11906 | D:11     | Reached skill level 9 in Conjurations
 12267 | D:11     | Noticed a two-headed ogre
 12280 | D:11     | Killed a two-headed ogre
 12280 | D:11     | Reached skill level 10 in Fire Magic
 12282 | D:11     | Noticed a six-headed hydra
 12291 | D:11     | Killed a six-headed hydra
 12291 | D:11     | Reached XP level 12. HP: 70/70 MP: 2/26
 12437 | D:11     | Reached skill level 9 in Spellcasting
 12440 | D:11     | Noticed a seven-headed hydra
 12461 | D:11     | Killed a seven-headed hydra
 12706 | Lair:1   | Entered Level 1 of the Lair of Beasts
 12949 | Lair:1   | Reached skill level 10 in Conjurations
 13179 | Lair:1   | Reached skill level 10 in Spellcasting
 13241 | Lair:1   | Got an ichor-stained flail
 13474 | Lair:1   | Identified the +3 flail of Vanity {crush, +Rage rN+} (You found it on level 1 of the Lair of Beasts)
 13623 | Lair:2   | Noticed a four-headed hydra
 13635 | Lair:2   | Killed a four-headed hydra
 13635 | Lair:2   | Reached skill level 11 in Fire Magic
 13783 | Lair:2   | Reached skill level 1 in Necromancy
 13959 | Lair:2   | Reached **** piety under Kikubaaqudgha
 13959 | Lair:2   | Reached skill level 2 in Necromancy
 14315 | Lair:2   | Reached skill level 3 in Necromancy
 14575 | Lair:2   | Reached skill level 11 in Spellcasting
 14997 | Lair:3   | Noticed Sonja
 15045 | Lair:3   | Noticed Rupert
 15200 | Lair:2   | Reached skill level 4 in Necromancy
 15653 | Lair:3   | Killed Sonja
 15666 | Lair:3   | Reached skill level 5 in Necromancy
 15795 | Lair:3   | Reached skill level 12 in Spellcasting
 15874 | Lair:3   | Reached skill level 6 in Necromancy
 16037 | Lair:3   | Reached XP level 13. HP: 74/74 MP: 20/31
 16198 | Lair:3   | Learned a level 3 spell: Vampiric Draining
 16205 | Lair:3   | Learned a level 6 spell: Simulacrum
 16329 | Lair:3   | Reached skill level 3 in Dodging
 16331 | Lair:3   | Found a staircase to the Shoals.
 16427 | Lair:3   | Found a staircase to the Snake Pit.
 16445 | Lair:3   | Reached skill level 4 in Dodging
 16530 | Lair:3   | Reached skill level 5 in Dodging
 16782 | Lair:3   | Reached skill level 6 in Dodging
 17047 | Lair:4   | Reached skill level 7 in Dodging
 17267 | Lair:4   | Reached ***** piety under Kikubaaqudgha
 17281 | Lair:4   | Reached skill level 8 in Dodging
 17637 | Lair:4   | Noticed a dire elephant
 17681 | Lair:3   | Killed a dire elephant
 17681 | Lair:3   | Reached skill level 7 in Fighting
 17862 | Lair:4   | Reached skill level 8 in Fighting
 18075 | Lair:4   | Reached skill level 1 in Ice Magic
 18088 | Lair:3   | Reached skill level 2 in Ice Magic
 18260 | Lair:4   | Reached skill level 7 in Necromancy
 18345 | Lair:4   | Reached skill level 3 in Ice Magic
 18891 | Lair:4   | Reached skill level 4 in Ice Magic
 18905 | Lair:4   | Reached skill level 8 in Necromancy
 19275 | Lair:4   | Reached XP level 14. HP: 84/84 MP: 8/32
 19505 | Lair:4   | Reached skill level 5 in Ice Magic
 20053 | Lair:5   | Reached skill level 9 in Necromancy
 20848 | Lair:5   | Reached skill level 6 in Ice Magic
 20888 | Lair:5   | HP: 20/84 [ice dragon/blast of cold (40)]
 21052 | Lair:5   | Noticed Nessos
 21060 | Lair:5   | Killed Nessos
 21537 | Lair:6   | Entered Level 6 of the Lair of Beasts
 21540 | Lair:6   | Found a staircase to the Slime Pits.
 21541 | Lair:6   | Found a viscous altar of Jiyva.
 21811 | Lair:6   | Reached skill level 10 in Necromancy
 21811 | Lair:6   | Reached skill level 7 in Ice Magic
 22853 | Lair:6   | Reached skill level 11 in Necromancy
 23228 | Lair:6   | Got a slimy jade ring
 23265 | Lair:6   | Identified the ring of Recklessness {rElec rPois rF++ rN+ Str-4} (You found it on level 6 of the Lair of Beasts)
 23276 | Lair:6   | Reached skill level 13 in Spellcasting
 24548 | Lair:6   | Reached skill level 12 in Necromancy
 25003 | Lair:1   | Learned a level 6 spell: Death Channel
 25186 | D:11     | Reached skill level 14 in Spellcasting
 25213 | D:11     | Reached ****** piety under Kikubaaqudgha
 25269 | D:11     | Found Qoedoseu's Food Shop.
 25269 | D:11     | Found a staircase to the Orcish Mines.
 25793 | Orc:1    | Entered Level 1 of the Orcish Mines
 25797 | Orc:1    | Noticed Fannar
 25798 | Orc:1    | Reached XP level 15. HP: 88/88 MP: 10/35
 26011 | Orc:1    | HP: 19/88 [Fannar/Ozocubu's Refrigeration (19)]
 26017 | Orc:1    | HP: 15/88 [Fannar/Ozocubu's Refrigeration (17)]
 26021 | Orc:1    | Killed Fannar
 26253 | Orc:1    | Found Covydgh Wyump's Weapon Shop.
 26272 | Orc:1    | Noticed Urug
 26276 | Orc:1    | Killed Urug
 26287 | Orc:1    | Noticed Snorg
 26300 | Orc:1    | Killed Snorg
 26300 | Orc:1    | Reached skill level 8 in Ice Magic
 26772 | Orc:2    | Entered Level 2 of the Orcish Mines
 27128 | Orc:2    | Found a staircase to the Elven Halls.
 27802 | Orc:2    | Reached skill level 13 in Necromancy
 28097 | Orc:2    | Found Luurig's Food Shop.
 28111 | Orc:2    | Found Mucvin's Distillery.
 28289 | Orc:2    | Received a gift from Kikubaaqudgha
 29003 | Orc:2    | Bought a potion of heal wounds for 70 gold pieces
 29519 | Orc:2    | HP: 14/89 [orc knight/great sword (23)]
 29868 | Orc:2    | Reached skill level 9 in Fighting
 30512 | Orc:2    | Noticed an orc warlord
 30717 | Orc:2    | Killed an orc warlord
 31016 | Orc:2    | Found Idarag's Book Emporium.
 31016 | Orc:2    | Found Evyjut's Antique Weapon Shoppe.
 31017 | Orc:2    | Found a one-way gate leading to the halls of Pandemonium.
 31364 | D:7      | Bought a scroll of acquirement for 572 gold pieces
 31368 | D:7      | Got a pair of pitted boots
 31379 | D:7      | Identified the +0 pair of boots of the Queen {rC+ rCorr} (You acquired it on level 7 of the Dungeon)
 31755 | D:11     | Reached skill level 10 in Fighting
 33243 | D:12     | Reached skill level 9 in Dodging
 33327 | D:12     | Got a scorched scale mail
 33568 | D:13     | Found a gate to the Vaults.
 34652 | D:12     | Reached skill level 10 in Dodging
 34943 | D:13     | Reached skill level 11 in Fighting
 34982 | D:13     | Reached XP level 16. HP: 53/100 MP: 20/36
 35326 | D:13     | Learned a level 2 spell: Blink
 36074 | D:14     | Reached skill level 11 in Dodging
 36837 | D:15     | Entered Level 15 of the Dungeon
 37565 | D:15     | Noticed melvinkitnick's ghost (journeyman DDFi)
 37925 | D:15     | Learned a level 3 spell: Regeneration
 38157 | D:15     | Killed melvinkitnick's ghost
 38635 | D:15     | Reached skill level 11 in Conjurations
 38649 | D:15     | Found a staircase to the Depths.
 38918 | D:15     | Reached skill level 12 in Fire Magic
 39161 | Orc:2    | Bought a book of Annihilations for 1324 gold pieces
 39386 | Snake:1  | Entered Level 1 of the Snake Pit
 39656 | Snake:1  | Found an opulent altar of Gozag.
 40037 | Snake:1  | HP: 25/100 [black mamba (4)]
 40042 | Snake:1  | HP: 22/100 [poisoned by a naga ritualist (toxic radiance)]
 40047 | Snake:1  | HP: 19/100 [poisoned by a naga ritualist (toxic radiance)]
 40052 | Snake:1  | HP: 18/100 [poisoned by a naga ritualist (toxic radiance)]
 40057 | Snake:1  | HP: 17/100 [poisoned by a naga ritualist (toxic radiance)]
 40064 | Snake:1  | HP: 17/100 [poisoned by a naga ritualist (toxic radiance)]
 40072 | Snake:1  | HP: 17/100 [poisoned by a naga ritualist (toxic radiance)]
 40704 | D:15     | Learned a level 4 spell: Animate Dead
 41157 | Snake:1  | Noticed Aizul
 41177 | Snake:1  | Killed Aizul
 41177 | Snake:1  | Reached skill level 12 in Conjurations
 42657 | Lair:3   | Killed Rupert
 42800 | Shoals:1 | Entered Level 1 of the Shoals
 42804 | Shoals:1 | Reached skill level 13 in Fire Magic
 42826 | Shoals:1 | Found a frozen archway.
 42933 | IceCv    | Entered an ice cave
 44015 | IceCv    | Noticed an Ice Fiend
 44036 | IceCv    | Killed an Ice Fiend
 44371 | IceCv    | Found the +0 pair of fencer's gloves {+Riposte Dex+3}
 44375 | IceCv    | Identified the Handbook of Evil Snow
 44463 | Shoals:1 | Reached skill level 13 in Conjurations
 44468 | Shoals:1 | Reached XP level 17. HP: 95/104 MP: 12/37
 45059 | Shoals:1 | You fall through a shaft!
 45491 | Shoals:1 | Learned a level 5 spell: Bolt of Draining
 45620 | Shoals:2 | Reached skill level 14 in Fire Magic
 46001 | Shoals:2 | HP: 25/104 [merfolk javelineer/javelin (29)]
 47199 | Shoals:3 | Noticed Polyphemus
 47708 | Snake:2  | Reached skill level 14 in Necromancy
 48367 | Snake:2  | Noticed Vashnia
 48708 | Elf:1    | Entered Level 1 of the Elven Halls
 48802 | Elf:1    | Found a radiant altar of Vehumet.
 49260 | Orc:2    | Reached skill level 15 in Necromancy
 49540 | Shoals:2 | Learned a level 8 spell: Infestation
 49598 | Shoals:3 | Noticed a kraken
 49802 | Shoals:3 | Killed Polyphemus
 50351 | Shoals:3 | Reached skill level 15 in Spellcasting
 50646 | Shoals:4 | Entered Level 4 of the Shoals
 50698 | Shoals:4 | Got a slimy mace
 50700 | Shoals:4 | Identified the +7 mace of the Evil Eye {speed, MR+ Stlth+} (You found it on level 4 of the Shoals)
 50725 | Shoals:4 | Upgraded the game from 0.21-a0-200-gb89f83b to 0.21-a0-201-g8501b10
 50976 | Shoals:4 | Reached skill level 16 in Necromancy
 51172 | Shoals:4 | Noticed Ilsuiw
 51180 | Shoals:4 | HP: 16/104 [merfolk javelineer/javelin of returning (25)]
 51672 | Snake:1  | HP: 25/104 [naga sharpshooter/arrow (28)]
 51677 | Snake:1  | HP: 25/104 [poisoned by a naga sharpshooter (splash of poison)]
 51684 | Lair:3   | HP: 25/104 [poisoned by a naga sharpshooter (splash of poison)]
 52054 | Snake:2  | You fall through a shaft!
 52911 | Snake:3  | Reached XP level 18. HP: 110/110 MP: 33/39
 52928 | Snake:3  | Reached skill level 16 in Spellcasting
 53257 | Snake:3  | Reached skill level 3 in Stealth
 53375 | Snake:4  | Entered Level 4 of the Snake Pit
 53463 | Snake:4  | HP: 10/110 [naga sharpshooter/arrow (24)]
 53870 | Snake:4  | Reached skill level 4 in Stealth
 54756 | Snake:4  | HP: 25/110 [naga sharpshooter/bolt (16)]
 54776 | Snake:4  | HP: 12/110 [naga sharpshooter/arrow (21)]
 54776 | Snake:4  | Slain by a guardian serpent

Vault maps used:
D:1:      dpeg_arrival_tiny_i, minmay_misc_feat_encased, roderic_roman_lattice
D:2:      cheibriados_altar_1, minmay_unequal
D:3:      grunt_temple_overflow_gold_and_silver, grunt_ministairs_1
D:4:      gup_sewer_entry_bowl, first_bread, serial_shops, shop,
          minmay_misc_feat_columns, st_stairs_3
D:5:      cheibrodos_helix_gallery, tso_metal_star, lemuel_crystal_altar,
          hangedman_decor_diamond_cutter, uniq_sigmund, uniq_crazy_yiuf_cottage
D:6:      minmay_temple_entry_hall, grunt_ministairs_2
D:7:      serial_shops, nicolae_shop_statue_plus, nicolae_ru_path_of_blood
D:8:      marbit_many_paths, nicolae_overflow_crystal_walls,
          grunt_temple_overflow_open, lemuel_doored_altar, serial_shops,
          shop_statue
D:9:      lair_entry_dummy, hangedman_pestilent_swarm, uniq_gastronok
D:10:     serial_shops, nicolae_shop_behind_doors
D:11:     minmay_orc_entry_guard_dogs, serial_shops, shop_fountains,
          minivault_28
D:12:     minmay_the_grid_square_5x5_4x4_mashed
D:13:     david_vaults_3
D:14:     nicolae_two_hexagons
D:15:     grunt_enter_depths_giant_problem, minmay_crystal_water
Temple:   minmay_temple_curvy_loop
Lair:2:   serial_bayou_shore_a, lemuel_fruit_fields
Lair:3:   minmay_shoals_entry_lonely_mermaid, guppyfry_snake_entry_garden,
          grunt_megastairs_2, lemuel_fruit_fields, lemuel_fruit_tree,
          infiniplex_staircase_pool_2, uniq_rupert, uniq_sonja
Lair:4:   mu_elephants_graveyard, lemuel_fruit_fields
Lair:5:   bobbens_ice_dragon_lair, uniq_nessos
Lair:6:   minmay_lair_end_enchanted_forest, slime_altar_1, grunt_megastairs_1
Shoals:1: portal_ice_cave_entry_pillars_four, nicolae_shoals_arrival_archipelago
Shoals:3: nicolae_shoals_island_circles, uniq_polyphemus
Shoals:4: shoals_end_hangedman, shoal_ilsuiw, serial_shops, freezing_bzr,
          nicolae_shoals_aquamancer_cove, uniq_roxanne
Snake:1:  lemuel_oklob_altar, uniq_aizul
Snake:2:  grunt_ministairs_8, uniq_vashnia
Snake:3:  spider_trap
Snake:4:  grunt_snake_rune_serpentine_throne, st_stairs_3
Orc:1:    serial_shops, nicolae_shop_behind_doors, uniq_snorg, uniq_urug,
          uniq_fannar
Orc:2:    pf_orc_diabolical, minmay_orc_barracks
Elf:1:    eino_elf_arrival_altar, minmay_elf_necromancy,
          nicolae_elf_big_sculpture_2, minivault_8
Sewer:    sewer_minmay_treatment
IceCv:    ice_cave_caverns_01

Skill      XL: |  1  2  3  4  5  6  7  8  9 10 11 12 13 14 15 16 17 18 |
---------------+-------------------------------------------------------+-----
Spellcasting   | 4 5 6 7 8 12 14 15 16 | 16.7
Fire Magic     | 4 5 6 8 9 10 11 13 14 | 14.1
Conjurations   | 2 3 4 7 8 9 10 13 | 13.6
Armour         | 2 4 |  4.0
Fighting       | 1 3 6 8 11 | 11.0
Shields        | 6 |  6.0
Maces & Flails | 6 |  6.2
Necromancy     | 6 8 12 13 16 | 16.2
Dodging        | 8 10 11 | 11.5
Ice Magic      | 4 7 8 |  8.0
Stealth        | 4 |  4.2

Action                   |  1- 3 |  4- 6 |  7- 9 | 10-12 | 13-15 | 16-18 || total
-------------------------+-------+-------+-------+-------+-------+-------++-------
Melee: Dagger            |     9 |    22 |       |       |       |       ||    31
       Whip              |       |     3 |    56 |   226 |   994 |   492 ||  1771
       Mace              |       |       |       |       |       |    34 ||    34
 Cast: Flame Tongue      |    57 |   182 |   131 |   211 |   134 |     7 ||   722
       Throw Flame       |     2 |     1 |    57 |    65 |    75 |       ||   200
       Conjure Flame     |       |       |    10 |    13 |     6 |     1 ||    30
       Sticky Flame      |       |       |    10 |    71 |   193 |    65 ||   339
       Fireball          |       |       |     3 |    27 |   206 |   151 ||   387
       Simulacrum        |       |       |       |       |    74 |    61 ||   135
       Death Channel     |       |       |       |       |     4 |     1 ||     5
       Animate Dead      |       |       |       |       |       |    42 ||    42
       Regeneration      |       |       |       |       |       |    17 ||    17
       Bolt of Draining  |       |       |       |       |       |   187 ||   187
       Blink             |       |       |       |       |       |     5 ||     5
       Infestation       |       |       |       |       |       |     5 ||     5
Invok: Receive Corpses   |       |       |       |       |    26 |    62 ||    88
       Receive Necronomi |       |       |       |       |     1 |       ||     1
Evoke: Wand              |       |       |     2 |     3 |     5 |     4 ||    14
       Phial of floods   |       |       |       |     2 |     3 |     2 ||     7
       Box of beasts     |       |       |       |       |     5 |     2 ||     7
       Lamp of fire      |       |       |       |       |     1 |     3 ||     4
  Use: Potion            |       |     2 |       |     3 |     6 |    10 ||    21
       Scroll            |       |     5 |    20 |     7 |    20 |    29 ||    81
 Stab: Sleeping          |     1 |     3 |       |       |     3 |     1 ||     8
       Distracted        |       |       |       |       |     5 |     4 ||     9
  Eat: Chunk             |     1 |     9 |    10 |    14 |    48 |    30 ||   112
       Bread ration      |       |       |     1 |     4 |    10 |     9 ||    24
       Fruit             |       |       |       |       |     1 |       ||     1
       Royal jelly       |       |       |       |       |       |     7 ||     7
       Meat ration       |       |       |       |       |       |     3 ||     3
Armor: Robe              |     2 |    11 |       |       |    26 |    63 ||   102
       Leather armour    |       |     1 |    14 |    67 |   144 |       ||   226
Dodge: Dodged            |    24 |    44 |    52 |   112 |   539 |   414 ||  1185
Block: Other             |       |       |    27 |    13 |       |       ||    40
       Reflection        |       |       |     2 |     5 |    26 |    51 ||    84
       Buckler           |       |       |       |   129 |   640 |   416 ||  1185
       Rpst.: Whip       |       |       |       |       |       |    14 ||    14
       Mace              |       |       |       |       |       |     8 ||     8

Vault maps used:
D:1:      dpeg_arrival_tiny_i, minmay_misc_feat_encased, roderic_roman_lattice
D:2:      cheibriados_altar_1, minmay_unequal
D:3:      grunt_temple_overflow_gold_and_silver, grunt_ministairs_1
D:4:      gup_sewer_entry_bowl, first_bread, serial_shops, shop,
          minmay_misc_feat_columns, st_stairs_3
D:5:      cheibrodos_helix_gallery, tso_metal_star, lemuel_crystal_altar,
          hangedman_decor_diamond_cutter, uniq_sigmund, uniq_crazy_yiuf_cottage
D:6:      minmay_temple_entry_hall, grunt_ministairs_2
D:7:      serial_shops, nicolae_shop_statue_plus, nicolae_ru_path_of_blood
D:8:      marbit_many_paths, nicolae_overflow_crystal_walls,
          grunt_temple_overflow_open, lemuel_doored_altar, serial_shops,
          shop_statue
D:9:      lair_entry_dummy, hangedman_pestilent_swarm, uniq_gastronok
D:10:     serial_shops, nicolae_shop_behind_doors
D:11:     minmay_orc_entry_guard_dogs, serial_shops, shop_fountains,
          minivault_28
D:12:     minmay_the_grid_square_5x5_4x4_mashed
D:13:     david_vaults_3
D:14:     nicolae_two_hexagons
D:15:     grunt_enter_depths_giant_problem, minmay_crystal_water
Temple:   minmay_temple_curvy_loop
Lair:2:   serial_bayou_shore_a, lemuel_fruit_fields
Lair:3:   minmay_shoals_entry_lonely_mermaid, guppyfry_snake_entry_garden,
          grunt_megastairs_2, lemuel_fruit_fields, lemuel_fruit_tree,
          infiniplex_staircase_pool_2, uniq_rupert, uniq_sonja
Lair:4:   mu_elephants_graveyard, lemuel_fruit_fields
Lair:5:   bobbens_ice_dragon_lair, uniq_nessos
Lair:6:   minmay_lair_end_enchanted_forest, slime_altar_1, grunt_megastairs_1
Shoals:1: portal_ice_cave_entry_pillars_four, nicolae_shoals_arrival_archipelago
Shoals:3: nicolae_shoals_island_circles, uniq_polyphemus
Shoals:4: shoals_end_hangedman, shoal_ilsuiw, serial_shops, freezing_bzr,
          nicolae_shoals_aquamancer_cove, uniq_roxanne
Snake:1:  lemuel_oklob_altar, uniq_aizul
Snake:2:  grunt_ministairs_8, uniq_vashnia
Snake:3:  spider_trap
Snake:4:  grunt_snake_rune_serpentine_throne, st_stairs_3
Orc:1:    serial_shops, nicolae_shop_behind_doors, uniq_snorg, uniq_urug,
          uniq_fannar
Orc:2:    pf_orc_diabolical, minmay_orc_barracks
Elf:1:    eino_elf_arrival_altar, minmay_elf_necromancy,
          nicolae_elf_big_sculpture_2, minivault_8
Sewer:    sewer_minmay_treatment
IceCv:    ice_cave_caverns_01

Table legend:
 A = Turns spent in this place as a percentage of turns spent in the entire game.
 B = Non-inter-level travel turns spent in this place as a percentage of non-inter-level travel turns spent in the entire game.
 C = Inter-level travel turns spent in this place as a percentage of turns spent in this place.
 D = Turns resting spent in this place as a percentage of non-inter-level travel turns spent in this place.
 E = Turns spent auto-exploring this place as a percentage of non-inter-level travel turns spent in this place.
 F = Non-inter-level travel turns spent in this place divided by the number of levels of this place that you've seen.
                   A       B       C       D       E      F
               +-------+-------+-------+-------+-------+----------------------
         Total | 100.0 | 100.0 |   0.7 |   5.3 |   5.9 | 434.0
       Dungeon |  37.5 |  37.5 |   0.9 |   4.2 |   8.5 | 379.3
        Temple |   0.7 |   0.7 |   0.9 |   0.0 |   4.6 | 109.0
          Lair |  21.7 |  21.7 |   0.7 |   5.8 |   4.9 | 549.2
        Shoals |  12.1 |  12.1 |   0.7 |   5.9 |   1.0 | 459.0
     Snake Pit |  11.9 |  11.8 |   0.8 |   6.8 |   5.6 | 449.8
  Orcish Mines |  10.0 |  10.0 |   0.6 |   4.8 |   6.5 | 757.0
   Elven Halls |   1.4 |   1.4 |   0.5 |   9.9 |   1.9 | 213.0
         Sewer |   1.9 |   1.9 |   0.0 |   4.1 |   5.8 | 295.0
      Ice Cave |   2.9 |   2.9 |   0.0 |   8.2 |   2.7 | 438.0
               +-------+-------+-------+-------+-------+----------------------

Table legend:
 A = Kills in this place as a percentage of kills in entire the game.
 B = Kills by you in this place as a percentage of kills by you in the entire game.
 C = Kills by friends in this place as a percentage of kills by friends in the entire game.
 D = Other kills in this place as a percentage of other kills in the entire game.
 E = Experience gained in this place as a percentage of experience gained in the entire game.
 F = Experience gained in this place divided by the number of levels of this place that you have seen.
                   A       B       C       D       E      F
               +-------+-------+-------+-------+-------+----------------------
         Total | 100.0 | 100.0 | 100.0 | 100.0 | 100.0 | 8705.4
       Dungeon |  38.5 |  40.8 |  24.7 |  57.1 |  26.6 | 5394.9
          Lair |  22.4 |  23.9 |  14.8 |   0.0 |  25.0 | 12707.3
        Shoals |   8.9 |   5.9 |  26.4 |  14.3 |  17.6 | 13441.8
     Snake Pit |   9.1 |   5.4 |  30.8 |  14.3 |  16.7 | 12700.2
  Orcish Mines |  11.8 |  13.4 |   2.2 |  14.3 |   8.5 | 12876.0
   Elven Halls |   0.8 |   0.7 |   1.1 |   0.0 |   1.5 | 4680.0
         Sewer |   3.8 |   4.5 |   0.0 |   0.0 |   0.1 | 192.0
      Ice Cave |   4.7 |   5.5 |   0.0 |   0.0 |   4.0 | 12329.0
               +-------+-------+-------+-------+-------+----------------------
